 Dungeon Crawl Stone Soup version 0.24-a0-584-g9d6b971ae4 (webtiles) character file.

Game seed: 9087536740651469518, levelgen mode: deterministic

33 Mithandil the Skirmisher (level 3, 0/29 HPs)
             Began as a Demonspawn Abyssal Knight on Sept 4, 2019.
             Was a Follower of Lugonu.
             Slain by an adder (2 damage)
             ... on level 2 of the Dungeon.
             The game lasted 00:05:29 (690 turns).

Mithandil the Skirmisher (Demonspawn Abyssal Knight) Turns: 690, Time: 00:05:31

Health: 0/29       AC:  5    Str: 11    XL:     3   Next: 12%
Magic:  5/5        EV: 10    Int: 13    God:    Lugonu [*.....]
Gold:   50         SH:  0    Dex: 12    Spells: 2/2 levels left

rFire    + . .     SeeInvis .   a - +1 falchion
rCold    + . .     Gourm    .   (no shield)
rNeg     . . .     Faith    .   i - +0 ring mail
rPois    .         Spirit   .   (no helmet)
rElec    .         Reflect  .   (no cloak)
rCorr    .         Harm     .   (no gloves)
MR       .....     Rnd*Rage +   (no boots)
Stlth    +.........             (no amulet)
HPRegen  0.09/turn              h - ring of protection from fire
MPRegen  0.09/turn              (no ring)

@: no status effects
A: berserk 1, cold resistance 1, sense surroundings 2, weak 1
a: Depart the Abyss, Renounce Religion


You were on level 2 of the Dungeon.
You worshipped Lugonu.
Lugonu was aware of your devotion.
You were not hungry.

You visited 1 branch of the dungeon, and saw 2 of its levels.
You visited the Abyss 1 time.

You collected 50 gold pieces.

Inventory:

Hand Weapons
 a - a +1 falchion (weapon)
 b - a +0 spear
 j - a +0 hunting sling
Missiles
 g - 21 stones (quivered)
Armour
 e - a +0 chain mail
 i - a +0 ring mail (worn)
Jewellery
 h - a ring of protection from fire (left hand)
Scrolls
 k - a scroll of teleportation
Potions
 f - 2 potions of heal wounds
 l - 3 potions of might {unknown}
Comestibles
 c - 3 rations
 d - 6 chunks of flesh


   Skills:
 + Level 3.1 Fighting
 * Level 2.3 Long Blades
 + Level 2.0 Armour
 + Level 1.1 Dodging
 + Level 0.6 Stealth
 + Level 0.5 Unarmed Combat
 + Level 2.8 Invocations


You had 2 spell levels left.
You didn't know any spells.
Your spell library was empty.

Dungeon Overview and Level Annotations

Branches:
Dungeon (2/15)

Altars:


Innate Abilities, Weirdness & Mutations

Your flesh is cold resistant. (rC+)
You tend to lose your temper in combat.
You passively map the area around you.
You are weak. (Str -2)


Message History

The stone hits the adder but does no damage.
The adder bites you.
You closely miss the adder.
The adder is heavily wounded.
The adder misses you.
The goblin shoots a stone.
The stone hits you.
* * * LOW HITPOINT WARNING * * *
The adder closely misses you.
You miss the adder.
The adder is heavily wounded.
The goblin shoots a stone.
The stone hits you.
* * * LOW HITPOINT WARNING * * *
The adder completely misses you.
You riposte.
You hit the adder.
The adder is almost dead.
You miss the adder.
The adder is almost dead.
The goblin shoots a stone.
The stone hits you but does no damage. The adder bites you.
* * * LOW HITPOINT WARNING * * *
The adder bites you.
You die...

, , , , , *,
..(...... * * ,
,........# * ,
........#, , ,,,
, , ,........., ,
, * * * ,
........# ,, , ,
* *,,
........##### , ,
* ,
.........$..#*
##* , ,
#.....S@..#.##...
, ,
#.....(......g.#
* ,
#...........#..#*
, , *
......♣.........
* , ,,
......♣♣(...#.#.*
#....♣♣.♣....#,..
* ,
.....♣♣♣.....###.
, , ,,
...............#,
,
...............#


You could see an adder and a goblin.

Vanquished Creatures
  A worm (D:2)
  6 giant cockroaches (D:1)
  2 goblins
  5 hobgoblins (D:1)
  3 jackals (D:1)
  3 kobolds
  3 bats (D:1)
  A frilled lizard (D:1)
  2 rats (D:1)
26 creatures vanquished.

Notes
Turn   | Place    | Note
-------+----------+-------------------------------------------
     0 | Abyss:1  | Mithandil the Demonspawn Abyssal Knight began the quest for
                  | the Orb.
     0 | Abyss:1  | Reached XP level 1. HP: 18/18 MP: 2/2
    28 | Abyss:1  | Noticed a smoke demon
    29 | Abyss:1  | Noticed a quasit
    30 | Abyss:1  | Noticed an iron imp
    31 | D:1      | Escaped the Abyss
   112 | D:1      | Reached * piety under Lugonu
   112 | D:1      | Reached skill level 1 in Dodging
   159 | D:1      | Gained mutation: Your flesh is cold resistant. (rC+)
                  | [demonic ancestry]
   159 | D:1      | Reached XP level 2. HP: 24/24 MP: 3/3
   578 | D:1      | Gained mutation: You tend to lose your temper in combat.
                  | [potion of mutation]
   578 | D:1      | Gained mutation: You passively map a small area around you.
                  | [potion of mutation]
   578 | D:1      | Gained mutation: You are weak. (Str -2) [potion of
                  | mutation]
   578 | D:1      | Gained mutation: You passively map the area around you.
                  | [potion of mutation]
   631 | D:2      | Reached XP level 3. HP: 27/29 MP: 5/5
   690 | D:2      | Slain by an adder

Levels and vault maps discovered:
D:1:      onia_arrival_larder, layout_rooms
D:2:      layout_basic, serial_curves, eino_curves_03, eino_curves_04,
          eino_curves_02, eino_curves_01, minmay_misc_feat_tower,
          chequers_garden

Skill      XL: |  1  2 |
---------------+-------+-----
Dodging        | 1 |  1.1
Long Blades    | 2 |  2.3
Armour         | 2 |  2.0
Fighting       | |  3.1
Stealth        | |  0.6
Unarmed Combat | |  0.5
Invocations    | |  2.8

Action                   || total
-------------------------++-------
Melee: Falchion          ||    80
Invok: Depart the Abyss  ||     1
  Use: Potion            ||     2
       Scroll            ||     1
 Stab: Sleeping          ||     3
Armor: Leather armour    ||     8
       Ring mail         ||    28
Dodge: Dodged            ||    61
       Rpst.: Falchion   ||    13

Table legend:
 A = Non-vault XP
 B = Vault XP
 C = Vault XP percentage of total XP
 D = Non-vault monster count
 E = Vault monster count
 F = Vault count percentage of total count
                 A         B        C        D         E       F
            +---------+---------+-------+---------+---------+-------
      Total |      38 |      10 |  20.8 |      21 |       5 |  19.2
            +---------+---------+-------+---------+---------+-------
        D:1 |      30 |      10 |  25.0 |      18 |       5 |  21.7
        D:2 |       8 |       0 |   0.0 |       3 |       0 |   0.0
            +---------+---------+-------+---------+---------+-------
